 Dungeon Crawl Stone Soup version 0.27.1-4-g1640c2035a (webtiles) character file.

Game seed: 10140239683120805294

23 avis the Insei (level 3, -1/23 HPs)
             Began as an Octopode Transmuter on Nov 7, 2021.
             Slain by a goblin (4 damage)
             ... led by Robin
             ... on level 1 of the Dungeon.
             The game lasted 00:04:45 (1193 turns).

avis the Insei (Octopode Transmuter)                Turns: 1193, Time: 00:04:45

Health: -1/23      AC:  1    Str: 10    XL:     3   Next: 0%
Magic:  4/6        EV: 13    Int: 15    God:
Gold:   17         SH:  0    Dex: 12    Spells: 5/6 levels left

rFire    . . .     SeeInvis .     - Unarmed
rCold    . . .     Faith    .   (no shield)
rNeg     . . .     Spirit   .   (helmet currently unavailable)
rPois    .         Reflect  .   (no amulet)
rElec    .         Harm     .   (no ring)
rCorr    .         Rampage  .   (no ring)
Will     .....                  (no ring)
Stlth    ++........             (no ring)
HPRegen  0.07/turn              (no ring)
MPRegen  0.10/turn              (no ring)
                                (no ring)
                                (no ring)

@: appendages (expiring)
A: tentacle spike 3, almost no armour, amphibious, 8 rings, camouflage 1,
gelatinous body 1, (nimble swimmer 1), tentacles
a: End Transformation


You were on level 1 of the Dungeon.
One of your tentacles had grown a beastly spike.
You visited 1 branch of the dungeon, and saw 2 of its levels.

You collected 17 gold pieces.

Inventory:

Hand Weapons
 b - a +2 whip of electrocution
 d - a +2 short sword of holy wrath
Missiles
 c - 51 stones
 f - 14 poisoned darts
 g - 18 bolts
 j - 18 sling bullets
Scrolls
 a - a scroll of noise {unknown}
 e - a scroll of amnesia {unknown}
 h - 2 scrolls of identify {unknown}
Potions
 i - a potion of mutation {unknown}


   Skills:
 - Level 1.0 Fighting
 - Level 2.0 Dodging
 * Level 4.0 Unarmed Combat
 - Level 2.0 Spellcasting
 - Level 2.0 Transmutations


You had 5 spell levels left.
You knew the following spells:

 Your Spells              Type           Power      Damage    Failure   Level
a - Beastly Appendage     Tmut           14%        N/A       10%         1

Your spell library contained the following spells:

 Spells                   Type           Power      Damage    Failure   Level
 Wereblood                Tmut           7%         N/A       14%         2
 Spider Form              Tmut/Pois      2%         N/A       41%         3
 Ice Form                 Ice/Tmut       4%         N/A       82%         4


Dungeon Overview and Level Annotations

Branches:
Dungeon (2/15)

Altars:

Annotations:
D:2 Robin


Innate Abilities, Weirdness & Mutations

One of your tentacles has grown a beastly spike.
You cannot wear most types of armour.
You are amphibious.
You can wear up to eight rings at the same time.
Your skin changes colour to match your surroundings (Stealth+).
Your rubbery body absorbs attacks. (AC +1, EV +1)
((You are camouflaged near water. (Stealth+)))
You have tentacles for arms and can constrict up to eight enemies at once.


Message History

There is a stone staircase leading up here.
The goblin hits you with a +0 club.
You climb upwards.
There is a stone staircase leading down here.
You start resting.
Your tentacle spike disappears.
You start resting.
Magic restored.
You start resting.
HP restored.
Casting: Beastly Appendage (safe; 10% risk of failure)
Confirm with . or Enter, or press ? or * to list all spells.
One of your tentacles grows a vicious spike.
Your transformation is almost over.
You climb downwards.
Level annotation: Robin The goblin hits you but does no damage.
The goblin completely misses you. The goblin closely misses you.
The hobgoblin hits you. The goblin closely misses you. The hobgoblin hits you.
There is a stone staircase leading up here.
The goblin shouts! x2
The goblin hits you with a +0 club. The goblin misses you.
The goblin closely misses you.
The hobgoblin hits you but does no damage.
The hobgoblin barely misses you. The goblin barely misses you.
You climb upwards.
There is a stone staircase leading down here.
You miss the goblin. Your grab misses the goblin.
You pierce the goblin.
You kill the goblin!
The goblin hits you but does no damage. The hobgoblin closely misses you.
The goblin misses you. The hobgoblin hits you.
* * * LOW HITPOINT WARNING * * *
The goblin misses you.
You have reached level 3!
Your experience leads to an increase in your attributes!
Increase (S)trength, (I)ntelligence, or (D)exterity?
You feel stronger. The goblin hits you with a +0 club.
* * * LOW HITPOINT WARNING * * *
The hobgoblin barely misses you. The goblin hits you with a +0 dagger.
You die...

.# #.##.##....###### #.#. .#
###.##.#####......#########.## .#
#...##.# ######...........##
.###.####.### ##############...
.##..# ##...## #................
.#..####.....## #.....########...
......#.......###.....########.##
#####.........ggg..........#...##
# ###.......#g@.###.####......# #
####.......g### #.# ##.....#
#####..........## #.######....#
......#.......## #......#.####
#######.......# ######...#
##.....## ###.# ##...## ### #####


You could see 2 hobgoblins and 3 goblins.

Vanquished Creatures
  4 ball pythons (D:1)
  An endoplasm (D:1)
  4 goblins (D:1)
  A hobgoblin (D:1)
  A quokka (D:1)
  3 bats (D:1)
  2 frilled lizards (D:1)
  4 kobolds (D:1)
  3 rats (D:1)
23 creatures vanquished.

Notes
Turn   | Place    | Note
-------+----------+-------------------------------------------
     0 | D:1      | avis the Octopode Transmuter began the quest for the Orb.
     0 | D:1      | Reached XP level 1. HP: 13/13 MP: 3/3
   216 | D:1      | Reached XP level 2. HP: 14/18 MP: 3/5
   806 | D:1      | Reached skill level 4 in Unarmed Combat
  1099 | D:2      | Identified the +2 helmet of Ripsothro {rC+ rN+ Int+2 Dex+5}
  1099 | D:2      | Noticed Robin
  1193 | D:1      | Reached XP level 3. HP: 5/23 MP: 4/6
  1193 | D:1      | Slain by a goblin

Illustrated notes

Levels and vault maps discovered:
D:1:      dpeg_arrival_round_a, layout_rooms, serial_bayou_pond_c, minivault_4
D:2:      layout_loops_corners, shapermc_ecumenical_altar_totnotflames,
          uniq_robin

Skill      XL: |  1  2 |
---------------+-------+-----
Unarmed Combat | 4 |  4.0
Fighting       | |  1.0
Dodging        | |  2.0
Spellcasting   | |  2.0
Transmutations | |  2.0

Action                   || total
-------------------------++-------
Melee: Unarmed           ||    42
       Kick              ||    12
       Constrict         ||     9
       Punch             ||     3
       Tentacles         ||     2
 Cast: Beastly Appendage ||    20
 Stab: Sleeping          ||     1
Armor: Skin              ||    11
Dodge: Dodged            ||    43
